 Dungeon Crawl Stone Soup version 0.30-a0-359-gd0147acb1a (webtiles) character file.

Game seed: 4310011925273569855

191 oldmanjim the Shooter (level 6, -9/48 HPs)
             Began as a Formicid Hunter on Nov 12, 2022.
             Killed from afar by Ijyb (13 damage)
             ... with a bolt of light
             ... on level 3 of the Dungeon.
             The game lasted 00:11:26 (2664 turns).

oldmanjim the Shooter (Formicid Hunter)             Turns: 2664, Time: 00:11:26

Health: -9/48      AC:  3    Str: 16    XL:     6   Next: 1%
Magic:  6/6        EV: 12    Int:  8    God:
Gold:   85         SH:  0    Dex: 19    Spells: 5/5 levels left

rFire   . . .      SeeInvis +    a - +0 shortbow
rCold   . . .      Faith    .    (no shield)
rNeg    . . .      Spirit   .    c - +0 leather armour
rPois   +          Reflect  .    (helmet unavailable)
rElec   .          Harm     .    (no cloak)
rCorr   .          Rampage  .    (no gloves)
Will    .....                    (no boots)
Stlth   +++.......               (no amulet)
HPRegen 0.28/turn                h - ring of poison resistance
MPRegen 0.10/turn                (no ring)

@: no status effects
A: permanent stasis, dig shafts and tunnels, antennae 3, four strong arms
a: Dig, Shaft Self


You were on level 3 of the Dungeon.
You visited 1 branch of the dungeon, and saw 3 of its levels.

You collected 85 gold pieces.

Inventory:

Hand Weapons
 a - a +0 shortbow (weapon)
Missiles
 e - 10 poisoned darts
 g - 26 stones
 v - 3 boomerangs
Armour
 c - a +0 leather armour (worn)
Magical Staves
 j - a staff of cold
Jewellery
 h - a ring of poison resistance (left hand)
 o - a ring of ice
Scrolls
 b - a scroll of immolation
 d - a scroll of torment {unknown}
 f - a scroll of enchant weapon {unknown}
 i - a scroll of poison {unknown}
 l - 2 scrolls of teleportation {unknown}
 m - 2 scrolls of amnesia {unknown}
 n - a scroll of identify {unknown}
 q - a scroll of blinking {unknown}
 t - a scroll of magic mapping {unknown}
Potions
 k - a potion of might {unknown}
 p - 3 potions of curing {unknown}
 r - 2 potions of magic {unknown}
 s - a potion of lignification {unknown}
 u - 2 potions of flight {unknown}
 w - a potion of heal wounds {unknown}
 x - a potion of degeneration {unknown}
 z - a potion of ambrosia {unknown}


   Skills:
 + Level 4.0 Fighting
 + Level 5.1 Ranged Weapons
 - Level 1.7 Dodging
 - Level 4.0 Stealth


You had 5 spell levels left.
You didn't know any spells.
Your spell library was empty.

Dungeon Overview and Level Annotations

Branches:
Dungeon (3/15)

Altars:
Qazlal

Annotations:
D:3 Ijyb


Innate Abilities, Weirdness & Mutations

You cannot be hasted, slowed, berserked, paralysed or teleported.
You can dig through walls and to a lower floor.
You have a pair of large antennae on your head. (SInv)
Your four strong arms can wield two-handed weapons with a shield.


Message History

You are too injured to fight recklessly!
Fire: a) +0 shortbow
Press: ? - help, Q - select action, (/) - cycle Shift-Dir - straight line, f/p - Ijyb
Aim: Ijyb, wielding a +0 club, wearing a +0 leather armour and carrying a wand of light (6) (lightly wounded, 59% to hit)
You shoot an arrow. The arrow misses Ijyb.
Ijyb screams, "Me very upset!"
Ijyb hits you with a +0 club.
Fire: a) +0 shortbow
Press: ? - help, Q - select action, (/) - cycle Shift-Dir - straight line, f/p - Ijyb
Aim: Ijyb, wielding a +0 club, wearing a +0 leather armour and carrying a wand of light (6) (lightly wounded, 59% to hit)
You shoot an arrow. The arrow barely misses Ijyb.
Ijyb hits you with a +0 club.
Fire: a) +0 shortbow
Press: ? - help, Q - select action, (/) - cycle Shift-Dir - straight line, f/p - Ijyb
Aim: Ijyb, wielding a +0 club, wearing a +0 leather armour and carrying a wand of light (6) (lightly wounded, 59% to hit)
You shoot an arrow. The arrow hits Ijyb.
Ijyb is moderately wounded.
Ijyb hits you with a +0 club.
Fire: a) +0 shortbow
Press: ? - help, Q - select action, (/) - cycle Shift-Dir - straight line, f/p - Ijyb
Aim: Ijyb, wielding a +0 club, wearing a +0 leather armour and carrying a wand of light (6) (moderately wounded, 59% to hit)
You shoot an arrow. The arrow hits Ijyb.
Ijyb is heavily wounded.
Ijyb hits you with a +0 club.
* * * LOW HITPOINT WARNING * * *
Ijyb zaps a wand.
The bolt of light hits you!
* * * LOW HITPOINT WARNING * * *
Fire: a) +0 shortbow
Press: ? - help, Q - select action, (/) - cycle Shift-Dir - straight line, f/p - Ijyb
Aim: Ijyb, wielding a +0 club, wearing a +0 leather armour and carrying a wand of light (5) (heavily wounded, 59% to hit)
You shoot an arrow. The arrow hits Ijyb.
Ijyb is heavily wounded.
Ijyb misses you.
Fire: a) +0 shortbow
Press: ? - help, Q - select action, (/) - cycle Shift-Dir - straight line, f/p - Ijyb
Aim: Ijyb, wielding a +0 club, wearing a +0 leather armour and carrying a wand of light (5) (heavily wounded, 59% to hit)
You shoot an arrow. The arrow hits Ijyb.
Ijyb is severely wounded.
Ijyb zaps a wand.
The bolt of light hits you!
You die...

#...#.....#...#..≈≈#
#...#.....#...#..≈≈.
#...#.....#...#..≈≈#
##'##.....##'##..≈≈#
#............#...≈≈#
#............#...≈≈.
#...##########...≈≈#
#...#...... ####≈
#..@g..)...{ #≈≈#
#...'....). #≈≈.
########### ####


You could see Ijyb.

Vanquished Creatures
  An orc wizard (D:3)
  2 adders (D:3)
  4 gnolls
  2 dart slugs (D:3)
  14 orcs (D:3)
  6 bats
  9 endoplasms
  4 giant cockroaches
  6 hobgoblins
  3 jackals (D:3)
  2 quokkas
  9 ball pythons
  5 frilled lizards
  16 goblins
  4 kobolds
  2 rats
89 creatures vanquished.

Notes
Turn   | Place    | Note
-------+----------+-------------------------------------------
     0 | D:1      | oldmanjim the Formicid Hunter began the quest for the Orb.
     0 | D:1      | Reached XP level 1. HP: 16/16 MP: 1/1
   158 | D:1      | Reached XP level 2. HP: 21/23 MP: 2/2
   486 | D:1      | Reached XP level 3. HP: 28/28 MP: 3/3
  1369 | D:3      | Found a stormy altar of Qazlal.
  1383 | D:3      | Reached XP level 4. HP: 30/35 MP: 4/4
  1854 | D:3      | Reached XP level 5. HP: 41/41 MP: 5/5
  2562 | D:3      | Reached skill level 5 in Ranged Weapons
  2642 | D:3      | Reached XP level 6. HP: 47/48 MP: 6/6
  2652 | D:3      | Noticed Ijyb
  2664 | D:3      | Killed from afar by Ijyb

Illustrated notes

Levels and vault maps discovered:
D:1:      lemuel_arrival_broad_hall, layout_loops_corners, grunt_decor_junction,
          minmay_pentomino_q2
D:2:      layout_basic
D:3:      kennysheep_goblin_castle, layout_loops_corners,
          mainiacjoe_overflow_small_starburst

Skill      XL: |  1  2  3  4  5 |
---------------+----------------+-----
Stealth        | 2 3 4 |  4.0
Fighting       | 3 4 |  4.0
Ranged Weapons | 5 |  5.1
Dodging        | |  1.7

Action                   |  1- 3 |  4- 6 || total
-------------------------+-------+-------++-------
 Fire: Shortbow          |   106 |   112 ||   218
 Abil: Dig               |       |     2 ||     2
Armor: Leather armour    |     5 |    11 ||    16
Dodge: Dodged            |    18 |    50 ||    68

Table legend: (Time is in decaauts)
 A = Elapsed time spent in this place.
 B = Non-inter-level travel time spent in this place.
 C = Inter-level travel time spent in this place.
 D = Time resting spent in this place.
 E = Time spent auto-exploring this place.
 F = Levels seen in this place.
 G = Mean time per level.
                   A        B        C        D        E       F      G
               +--------+--------+--------+--------+--------+-----+--------+
         Total |   2729 |   2677 |     52 |    224 |   1936 |   3 |  909.7 |
       Dungeon |   2729 |   2677 |     52 |    224 |   1936 |   3 |  909.7 |
               +--------+--------+--------+--------+--------+-----+--------+

Top non-repeatable levels by time:
     D:3: 1212 daAuts
     D:1: 950 daAuts
     D:2: 566 daAuts
